 Dungeon Crawl Stone Soup version 0.29-a0-284-gf9362112df (webtiles) character file.

Game seed: 6746736704169526715

4 bjtr the Firebug (level 1, -3/13 HPs)
             Began as a Demonspawn Fire Elementalist on Mar 21, 2022.
             Frozen to death by an endoplasm (5 damage)
             ... on level 1 of the Dungeon.
             The game lasted 00:01:38 (347 turns).

bjtr the Firebug (Demonspawn Fire Elementalist)      Turns: 347, Time: 00:01:38

Health: -3/13      AC:  2    Str:  8    XL:     1   Next: 58%
Magic:  1/3        EV: 12    Int: 16    God:
Gold:   3          SH:  0    Dex: 13    Spells: 3/4 levels left

rFire   . . .      SeeInvis .   g - +0 club
rCold   . . .      Faith    .   (no shield)
rNeg    . . .      Spirit   .   a - +0 robe
rPois   .          Reflect  .   (no helmet)
rElec   .          Harm     .   (no cloak)
rCorr   .          Rampage  .   (no gloves)
Will    .....                   (no boots)
Stlth   ++........              (no amulet)
HPRegen 0.04/turn               (no ring)
MPRegen 0.08/turn               (no ring)

@: mighty, flying
A: no striking features
a: no special abilities


You were on level 1 of the Dungeon.
You visited 1 branch of the dungeon, and saw 1 of its levels.

You collected 3 gold pieces.

Inventory:

Hand Weapons
 g - a +0 club (weapon)
Armour
 a - a +0 robe (worn)
Scrolls
 c - 2 scrolls of identify {unknown}
 e - 2 scrolls of teleportation {unknown}
Potions
 b - 2 potions of magic
 f - a potion of flight


   Skills:
 - Level 1.7 Dodging
 - Level 1.7 Stealth
 + Level 2.1 Spellcasting
 + Level 1.0 Conjurations
 + Level 2.9 Fire Magic


You had 3 spell levels left.
You knew the following spells:

 Your Spells              Type           Power      Damage    Failure   Level
a - Foxfire               Conj/Fire      32%        2x1d5     9%          1

Your spell library contained the following spells:

 Spells                   Type           Power      Damage    Failure   Level
 Scorch                   Fire           22%        2d6       10%         2
 Freeze                   Ice            4%         1d3       21%         1
 Conjure Flame            Conj/Fire      8%         6-21      26%         3
 Inner Flame              Hex/Fire       6%         N/A       34%         3
 Frozen Ramparts          Ice            2%         1d2       52%         3
 Flame Wave               Conj/Fire      8%         2d5       65%         4
 Hailstorm                Conj/Ice       3%         3d3       86%         4


Dungeon Overview and Level Annotations

Branches:
Dungeon (1/15)

Altars:


Message History

Confirm with . or Enter, or press ? or * to list all spells.
You conjure some foxfire!
Your foxfire dissipates!
A rat comes into view.
You hit the rat.
You kill the rat!
You see here a rat corpse.
Casting: Foxfire (safe; 9% risk of failure)
Confirm with . or Enter, or press ? or * to list all spells.
You conjure some foxfire!
Your foxfire dissipates!
Found a scroll labelled WAVODGH ITHRESS.
The foxfire hits the goblin.
The goblin is moderately wounded.
A dart slug comes into view.
The goblin attacks as you move away! The goblin hits you with a +0 dagger.
An endoplasm comes into view.
The goblin attacks as you move away! The goblin closely misses you.
The endoplasm quivers.
The goblin attacks as you move away! The goblin closely misses you.
The endoplasm freezes you.
You are frozen.
The goblin attacks as you move away! The goblin hits you but does no damage.
You see here a bat corpse.
The endoplasm attacks as you move away! The endoplasm hits you.
The goblin attacks as you move away! The goblin hits you with a +0 dagger.
The endoplasm attacks as you move away!
The endoplasm hits you but does no damage.
The goblin attacks as you move away! The goblin hits you with a +0 dagger.
The goblin attacks as you move away! The goblin hits you with a +0 dagger.
* * * LOW HITPOINT WARNING * * *
It was a potion of might.
You feel very mighty all of a sudden. The goblin misses you.
It was a potion of flight.
You feel very buoyant.
You fly up into the air.
The goblin barely misses you. The endoplasm freezes you.
You are frozen.
You die...

.###.#######.## #.......## #.#
#..# #.......## ###.########.##
#.......## #.........w†..#
########'### #...........#K##
#.#............ #...........#.w#
#.#............
#...........##.###.#............
#?..........##Jg##.#............
#...........###@##.#########'###
#...........# #..#.# #.# #
#...........####.#.#########.# #
+................# #
#####..#############
#.>.............
################


You could see a dart slug, an endoplasm, a goblin and a kobold.

Vanquished Creatures
  An endoplasm (D:1)
  2 bats (D:1)
  A frilled lizard (D:1)
  A rat (D:1)
5 creatures vanquished.

Vanquished Creatures (others)
  12 foxfires (D:1)
12 creatures vanquished.

Grand Total: 17 creatures vanquished

Notes
Turn   | Place    | Note
-------+----------+-------------------------------------------
     0 | D:1      | bjtr the Demonspawn Fire Elementalist began the quest for
                  | the Orb.
     0 | D:1      | Reached XP level 1. HP: 13/13 MP: 3/3
    84 | D:1      | Found a faded altar of an unknown god.
   347 | D:1      | Frozen to death by an endoplasm

Illustrated notes

Levels and vault maps discovered:
D:1:      heliophobic_arrival_dark_side_of_the_moon, layout_basic,
          ebering_ecumenical_altar_webs

Action                   || total
-------------------------++-------
Melee: Club              ||     1
 Cast: Foxfire           ||    10
  Use: Potion            ||     2
Armor: Robe              ||     3
Dodge: Dodged            ||     7

Table legend: (Time is in decaauts)
 A = Elapsed time spent in this place.
 B = Non-inter-level travel time spent in this place.
 C = Inter-level travel time spent in this place.
 D = Time resting spent in this place.
 E = Time spent auto-exploring this place.
 F = Levels seen in this place.
 G = Mean time per level.
                   A        B        C        D        E       F      G
               +--------+--------+--------+--------+--------+-----+--------+
         Total |    346 |    346 |      0 |      0 |    279 |   1 |  346.0 |
       Dungeon |    346 |    346 |      0 |      0 |    279 |   1 |  346.0 |
               +--------+--------+--------+--------+--------+-----+--------+

Top non-repeatable levels by time:
     D:1: 346 daAuts
